 Dungeon Crawl Stone Soup version 0.28.0-53-g5a82cb258f (webtiles) character file.

Game seed: 10847690880647057490

78285 Stomo the Impassioned (level 15, 0/115 HPs)
             Began as a Demonspawn Gladiator on July 4, 2022.
             Was a Follower of Uskayaw.
             Killed from afar by Nikola (45 damage)
             ... with an arc of chain lightning
             ... on level 1 of the Elven Halls.
             The game lasted 01:07:12 (26655 turns).

Stomo the Impassioned (Demonspawn Gladiator)       Turns: 26655, Time: 01:07:12

Health: 0/115      AC: 25    Str: 26    XL:     15   Next: 17%
Magic:  0/28       EV: 17    Int: 14    God:    Uskayaw [*.....]
Gold:   2347       SH:  0    Dex: 22    Spells: 7/23 levels left

rFire   . . .      SeeInvis .   K - +3 quick blade
rCold   . . .      Faith    .   (no shield)
rNeg    . . .      Spirit   +   C - +6 scale mail "Sek Qaef" {Will+ Regen+ Dex+4}
rPois   .          Reflect  .   (helmet unavailable)
rElec   +          Harm     .   M - +0 cloak of Intuition {rElec Int+3}
rCorr   .          Rampage  .   t - +2 pair of gloves {Dex+3}
Will    +++..                   x - +2 pair of boots
Stlth   ..........              (no amulet)
HPRegen 1.09/turn               I - +6 ring of strength
MPRegen 0.42/turn               A - ring of wizardry

@: confused, lethally poisoned (0 -> -43), engulfed (cannot breathe), studying
Short Blades
A: horns 3, thin metallic scales 2, demonic guardian 1, magic shield, magic
regeneration, demonic willpower
a: Renounce Religion, Stomp


You were on level 1 of the Elven Halls.
You worshipped Uskayaw.
Uskayaw was most pleased with you.
You visited 6 branches of the dungeon, and saw 23 of its levels.

You collected 2347 gold pieces.

Inventory:

Hand Weapons
 h - a +0 dagger of flaming
 K - a +3 quick blade (weapon)
 N - a +2 dagger of speed
 Q - a +2 dagger of pain
 Z - a +2 dagger of venom
Missiles
 d - 4 throwing nets (quivered)
Armour
 g - a +1 ring mail of fire resistance
 t - a +2 pair of gloves of dexterity (worn)
 x - a +2 pair of boots (worn)
 C - the +6 scale mail "Sek Qaef" (worn) {Will+ Regen+ Dex+4}
   (You found it on level 6 of the Dungeon)

   Dex:       It affects your dexterity (+4).
   Regen:     It increases your rate of health regeneration.
   Will:      It increases your willpower.
 M - the +0 cloak of Intuition (worn) {rElec Int+3}
   (You acquired it on level 12 of the Dungeon)

   Int:       It affects your intelligence (+3).
   rElec:     It insulates you from electricity.
 X - a +1 ring mail of cold resistance
Jewellery
 j - a ring of ice
 p - a ring of magical power
 s - a +6 ring of dexterity
 A - a ring of wizardry (right hand)
 I - a +6 ring of strength (left hand)
 L - a ring of flight
 T - a ring of positive energy
Wands
 n - a wand of acid (10)
 q - a wand of flame (14)
 r - a wand of paralysis (5)
 u - a wand of polymorph (7)
 B - a wand of iceblast (24)
 H - a wand of mindburst (6)
 U - a wand of charming (2)
Scrolls
 a - 3 scrolls of vulnerability
 b - 2 scrolls of torment
 k - a scroll of teleportation
 l - 13 scrolls of identify
 v - 4 scrolls of magic mapping
 w - a scroll of silence
 y - 3 scrolls of enchant weapon
 E - a scroll of immolation
 J - a scroll of fear
 V - 2 scrolls of enchant armour
 W - a scroll of amnesia
Potions
 e - 7 potions of might
 f - 3 potions of brilliance
 i - 8 potions of curing
 o - 5 potions of flight
 z - 12 potions of degeneration
 D - a potion of invisibility
 F - 3 potions of berserk rage
 G - 2 potions of mutation
 O - 2 potions of haste
 R - a potion of heal wounds
 S - 2 potions of attraction


   Skills:
 - Level 10.1 Fighting
 + Level 11.8 Short Blades
 - Level 1.7 Throwing
 - Level 9.1 Armour
 - Level 9.5 Dodging
 + Level 4.7 Spellcasting
 + Level 7.1 Conjurations
 + Level 0.6 Necromancy
 + Level 6.4 Earth Magic
 - Level 19.5 Invocations


You had 7 spell levels left.
You knew the following spells:

 Your Spells              Type           Power      Damage    Failure   Level
a - Stone Arrow           Conj/Erth      44%        3d9       2%          3
b - Lehudib's Crystal Sp  Conj/Erth      11%        10d4      100%        8
c - Borgnjor's Vile Clut  Necr/Erth      6%         N/A       63%         5

Your spell library contained the following spells:

 Spells                   Type           Power      Damage    Failure   Level
 Searing Ray              Conj           46%        2d6       1%          2
 Static Discharge         Conj/Air       13%        N/A       4%          2
 Conjure Flame            Conj/Fire      13%        6-21      10%         3
 Animate Skeleton         Necr           10%        N/A       11%         1
 Pain                     Necr           20%        1d5       11%         1
 Slow                     Hex            12%        N/A       14%         1
 Sting                    Tmut/Pois      12%        1d3       14%         1
 Sublimation of Blood     Necr           5%         N/A       16%         2
 Ensorcelled Hibernation  Hex/Ice        6%         N/A       21%         2
 Wereblood                Tmut           3%         N/A       21%         2
 Vampiric Draining        Necr           5%         2d6       32%         3
 Iskenderun's Mystic Bla  Conj/Tloc      13%        2d5       32%         4
 Sticky Flame             Conj/Fire      13%        2d4       32%         4
 Animate Armour           Summ/Erth      24%        N/A       34%         4
 Leda's Liquefaction      Hex/Erth       6%         N/A       34%         4
 Call Canine Familiar     Summ           3%         N/A       38%         3
 Confusing Touch          Hex            3%         N/A       38%         3
 Gell's Gravitas          Tloc           3%         N/A       38%         3
 Ignite Poison            Fire/Tmut/Pois 3%         N/A       38%         3
 Lesser Beckoning         Tloc           3%         N/A       38%         3
 Portal Projectile        Hex/Tloc       6%         N/A       38%         3
 Spider Form              Tmut/Pois      3%         N/A       38%         3
 Teleport Other           Tloc           3%         N/A       38%         3
 Tukima's Dance           Hex            3%         N/A       38%         3
 Fireball                 Conj/Fire      6%         3d5       63%         5
 Animate Dead             Necr           2%         N/A       69%         4
 Dispel Undead            Necr           5%         3d7       69%         4
 Anguish                  Hex/Necr       2%         N/A       73%         4
 Olgreb's Toxic Radiance  Pois           3%         N/A       77%         4
 Alistair's Intoxication  Tmut/Pois      2%         N/A       98%         5
 Death Channel            Necr           2%         N/A       100%        6
 Eringya's Noxious Bog    Tmut/Pois      1%         N/A       100%        6
 Enfeeble                 Hex            1%         N/A       100%        7
 Ozocubu's Refrigeration  Ice            1%         4d5       100%        7
 Summon Hydra             Summ           1%         N/A       100%        7
 Ignition                 Fire           1%         3d3       100%        8


Dungeon Overview and Level Annotations

Branches:
Dungeon (14/15)            Temple (1/1) D:4            Lair (4/6) D:9
  Swamp (0/4) Lair:2       Spider (1/4) Lair:4          Orc (2/2) D:11
    Elf (1/3) Orc:2
 Vaults: D:13-14

Altars:
Ashenzari
Cheibriados
Dithmenos
Elyvilon
Fedhas
Gozag
Hepliaklqana
Kikubaaqudgha
Makhleb
Nemelex Xobeh
Okawaru
Qazlal
Ru
Sif Muna
Trog
Uskayaw
Vehumet
Wu Jian
Xom
Yredelemnul
Zin
The Shining One

Shops:
D:1 :   D:9 *   D:13 !:!   Orc:1 =   Orc:2 ?*:[

Portals:
Abyss: D:13
Pandemonium: Orc:2

Annotations:
D:13 2 transporters, OceanMan's ghost, journeyman MiFi
D:14 Agnes
Orc:1 2 runed translucent doors, burt's ghost, journeyman DrCj
Elf:1 exclusion: orange crystal statue, Nikola


Innate Abilities, Weirdness & Mutations

You have a pair of large horns on your head.
You are mostly covered in thin metallic scales. (AC +3)
A weak demonic guardian rushes to your aid.
When hurt, damage is shared between your health and your magic reserves.
You regenerate magic rapidly.
You punish those that try to bend your will. (Will+)


Message History

You are poisoned.
You feel very sick.
The +2 dire flail of venom hits you but does no damage.
You are more poisoned.
The orange crystal statue fixes its piercing gaze on you.
Something tries to feed on your intellect!
The +2 dire flail of venom completely misses you.
You hit the water elemental. Your punch misses the water elemental.
The water elemental is lightly damaged.
You feel sick. The water elemental hits you.
The water elemental engulfs you in water!
The orange crystal statue glitters topaz in the dim dungeon light.
You slip free of the water engulfing you.
Your lungs strain for air!
You feel very sick. The +2 dire flail of venom hits you!
You are more poisoned.
The water elemental barely misses you.
Nikola mumbles some strange words.
Nikola blinks!
Unknown command.
You hit the +2 dire flail of venom but do no damage.
Your headbutt misses the +2 dire flail of venom.
Your lungs strain for air!
You feel very sick.
Unknown command.
You hit Nikola but do no damage. Your headbutt misses Nikola.
Your lungs strain for air!
You feel sick. The +2 dire flail of venom hits you!
You are more poisoned.
You are too confused!
Unknown command.
You hit the +2 dire flail of venom but do no damage.
Your headbutt misses the +2 dire flail of venom.
Your lungs strain for air!
You feel very sick. The water elemental hits you.
The orange crystal statue fixes its piercing gaze on you.
You feel your power leaking away.
Nikola mumbles some strange words.
Lightning arcs from Nikola's hands!
The bolt of lightning hits you!!! You resist.
You die...

#.#.###.##.# #^#
##.#.##.##.#
#########..##
##.#.#.##.#
#...........# #
##.#..##'###........[..#
##
##)#'#...#............#
.##
##).).................
..#
##)..)...............
..# #...⌠....!.E.8......
..# #........@@(.$....?.
.## ##.....#...........§
## ##'...##............
# ##.######............
##.## #...........#
##.## ###.#######>#
##.## ### ##.## #.#
##.## #.###.# #.# ##.##
##.##.## #.#


You could see Nikola, an orange crystal statue, a water elemental (summoned) and
a +2 dire flail of venom (summoned).

Vanquished Creatures
  Jorgrun (Elf:1)
  Gastronok (Lair:1)
  An orc warlord (Orc:1)
  A deep elf annihilator (Elf:1)
  Azrael (D:12)
  An ettin (Orc:2)
  A deep elf high priest (Elf:1)
  A rakshasa (D:14)
  4 hydras
  Erolcha (Orc:2)
  A boulder beetle (D:13)
  2 demonspawn (Orc:2)
  5 two-headed ogres
  A centaur warrior (D:13)
  A catoblepas (Lair:4)
  4 dancing weapons (Elf:1)
  Urug (Lair:3)
  4 orc high priests (Orc:2)
  3 deep elf knights (Elf:1)
  Nergalle (D:10)
  A sixfirhy (Orc:2)
  An orb spider (shapeshifter) (D:14)
  A deep elf archer (Elf:1)
  4 orc knights
  A harpy (shapeshifter) (D:14)
  10 deep elf pyromancers
  8 orc sorcerers (Orc:2)
  7 deep elf zephyrmancers (Elf:1)
  3 ugly things (D:14)
  3 manticores
  An elephant (shapeshifter) (D:14)
  3 cyclopes
  A rust devil (Orc:1)
  A black mamba (Lair:2)
  2 centaur zombies (D:11)
  A gargoyle (D:12)
  A yaktaur (shapeshifter) (D:14)
  6 cane toads
  2 demonic crawlers
  A kobold demonologist (D:9)
  An ice devil (Orc:2)
  10 komodo dragons
  A rime drake (Lair:1)
  2 unseen horrors
  4 trolls
  A hornet (D:8)
  13 blink frogs
  15 slime creatures
  7 dream sheep (Lair:3)
  A vampire (D:9)
  Sigmund (D:2)
  2 shadows
  6 wyverns
  A basilisk (Lair:4)
  A water elemental (Elf:1)
  A wraith (D:9)
  A ynoxinul (Orc:2)
  54 yaks
  A yak (shapeshifter) (D:14)
  7 fire elementals
  6 vampire mosquitoes (D:13)
  2 wargs
  2 hell hounds (D:12)
  7 water moccasins
  A swamp drake (D:11)
  4 black bears
  33 orc warriors
  A hornet zombie (D:9)
  2 sky beasts
  8 ogres
  3 wolves (Lair:1)
  18 centaurs
  4 scorpions
  7 bullfrogs
  An earth elemental (Elf:1)
  2 water moccasin skeletons
  An electric eel (Lair:2)
  3 wights (D:8)
  A lava snake (D:9)
  A crimson imp (D:4)
  A bullfrog skeleton (D:6)
  26 orc priests
  2 gnoll shamans
  3 hounds
  Jessica (D:3)
  Natasha (thrice) (D:4)
  24 orc wizards
  2 killer bee zombies
  3 howler monkey zombies
  Robin (D:1)
  15 gnolls
  A howler monkey skeleton (D:7)
  9 adders
  A shadow imp (D:5)
  2 white imps
  A worm (D:2)
  3 dart slugs
  84 orcs
  4 bats (D:3)
  A bat skeleton (D:3)
  5 bat zombies (D:3)
  7 endoplasms
  10 giant cockroaches
  17 goblins
  13 hobgoblins
  8 jackals
  3 quokkas
  7 ball pythons
  3 frilled lizards
  13 kobolds
  2 rats
606 creatures vanquished.

Vanquished Creatures (collateral kills)
  A troll (Orc:2)
  A ynoxinul (Orc:2)
  A warg (Orc:2)
  2 gnolls (D:6)
  An orc (Orc:2)
  A hobgoblin (D:1)
  A kobold (D:3)
8 creatures vanquished.

Vanquished Creatures (others)
  16 fungi
  10 plants
26 creatures vanquished.

Grand Total: 640 creatures vanquished

Notes
Turn   | Place    | Note
-------+----------+-------------------------------------------
     0 | D:1      | Stomo the Demonspawn Gladiator began the quest for the Orb.
     0 | D:1      | Reached XP level 1. HP: 16/16 MP: 1/1
    59 | D:1      | Got the Almanac of Toxic Confrontation
    91 | D:1      | Found Miez's Book Boutique.
   134 | D:1      | Gained mutation: You have a pair of small horns on your
                  | head. [demonic ancestry]
   134 | D:1      | Reached XP level 2. HP: 20/22 MP: 2/2
   925 | D:1      | Reached skill level 1 in Armour
  1039 | D:1      | Gained mutation: A weak demonic guardian rushes to your
                  | aid. [demonic ancestry]
  1039 | D:1      | Reached XP level 3. HP: 28/28 MP: 3/3
  1150 | D:2      | Noticed Sigmund
  1402 | D:2      | Noticed Robin
  2232 | D:1      | Killed Robin
  2404 | D:2      | Noticed Natasha
  2695 | D:2      | Gained mutation: You are partially covered in thin metallic
                  | scales. (AC +2) [demonic ancestry]
  2695 | D:2      | Reached XP level 4. HP: 17/34 MP: 4/4
  3740 | D:2      | Killed Sigmund
  3741 | D:2      | Gained mutation: You are mostly covered in thin metallic
                  | scales. (AC +3) [demonic ancestry]
  3741 | D:2      | Reached XP level 5. HP: 40/41 MP: 5/5
  3741 | D:2      | Reached XP level 6. HP: 46/47 MP: 6/6
  4634 | D:3      | Found a shadowy altar of Dithmenos.
  4741 | D:3      | Found a sacrificial altar of Ru.
  4829 | D:3      | Found a faded altar of an unknown god.
  5057 | D:3      | Got Plato's Papyrus of Venom
  5245 | D:3      | Found an ancient bone altar of Kikubaaqudgha.
  5300 | D:3      | Noticed Jessica
  5312 | D:3      | Killed Jessica
  5465 | D:4      | Found a staircase to the Ecumenical Temple.
  5596 | D:4      | Killed Natasha
  5621 | D:4      | Noticed Natasha
  5638 | D:4      | Killed Natasha
  5679 | D:4      | Noticed Natasha
  5682 | D:4      | Gained mutation: You regenerate magic rapidly. [demonic
                  | ancestry]
  5682 | D:4      | Reached XP level 7. HP: 37/54 MP: 7/7
  5821 | D:4      | Killed Natasha
  6289 | Temple   | Entered the Ecumenical Temple
  6452 | Temple   | Became a worshipper of Uskayaw the Reveller
  6563 | D:4      | Reached * piety under Uskayaw
  6669 | D:4      | Reached ** piety under Uskayaw
  6676 | D:4      | Reached *** piety under Uskayaw
  6696 | D:4      | Reached **** piety under Uskayaw
  7040 | D:5      | Entered Level 5 of the Dungeon
  7061 | D:5      | Reached skill level 2 in Invocations
  7061 | D:5      | Noticed a yak
  7063 | D:5      | Noticed a yak
  7091 | D:4      | Killed a yak
  7092 | D:4      | Reached skill level 4 in Invocations
  7292 | D:5      | Noticed a yak
  7316 | D:4      | Killed a yak
  7317 | D:4      | Reached skill level 5 in Invocations
  7317 | D:4      | Gained mutation: You have a pair of horns on your head.
                  | [demonic ancestry]
  7317 | D:4      | Reached XP level 8. HP: 39/61 MP: 10/12
  7456 | D:4      | Reached skill level 6 in Invocations
  7550 | D:4      | Reached skill level 7 in Invocations
  7583 | D:4      | Reached skill level 8 in Invocations
  7879 | D:4      | Reached skill level 9 in Invocations
  8186 | D:5      | Reached skill level 10 in Invocations
  8724 | D:6      | Gained mutation: You have a pair of large horns on your
                  | head. [demonic ancestry]
  8724 | D:6      | Reached XP level 9. HP: 60/66 MP: 17/17
  8747 | D:6      | Reached skill level 11 in Invocations
  9193 | D:6      | Reached skill level 12 in Invocations
  9739 | D:6      | Identified the +6 scale mail "Sek Qaef" {Will+ Regen+
                  | Dex+4}
 10021 | D:7      | Reached skill level 13 in Invocations
 11038 | D:8      | Reached skill level 14 in Invocations
 11069 | D:8      | Paralysed by a hornet for 1 turns
 11591 | D:9      | Reached XP level 10. HP: 46/73 MP: 21/21
 11602 | D:9      | Reached skill level 15 in Invocations
 12051 | D:9      | Noticed a two-headed ogre
 12135 | D:9      | Killed a two-headed ogre
 12136 | D:9      | Reached skill level 16 in Invocations
 12354 | D:9      | Found the +6 shillelagh "Devastator" {shatter}
 12369 | D:9      | Found Cuobef's Assorted Antiques.
 12385 | D:9      | Found a staircase to the Lair.
 12475 | D:10     | Entered Level 10 of the Dungeon
 12488 | D:10     | Noticed Nergalle
 12523 | D:10     | HP: 1/57 [spectral orc knight/+0 glaive[Nergalle] (17)]
 12526 | D:10     | Killed Nergalle
 12753 | D:10     | Noticed a two-headed ogre
 12779 | D:10     | Killed a two-headed ogre
 12780 | D:10     | Reached skill level 5 in Fighting
 12780 | D:10     | Reached skill level 5 in Short Blades
 12780 | D:10     | Reached skill level 5 in Dodging
 12961 | D:10     | Reached ***** piety under Uskayaw
 13200 | D:11     | Noticed a cyclops
 13224 | D:11     | Killed a cyclops
 13270 | D:11     | Gained mutation: When hurt, damage is shared between your
                  | health and your magic reserves. [demonic ancestry]
 13270 | D:11     | Reached XP level 11. HP: 80/80 MP: 23/23
 13317 | D:11     | Found a staircase to the Orcish Mines.
 13613 | D:11     | Noticed a two-headed ogre
 13622 | D:11     | Killed a two-headed ogre
 13623 | D:11     | Reached skill level 5 in Armour
 13623 | D:11     | Reached skill level 17 in Invocations
 13645 | D:11     | Identified a scroll of acquirement
 13645 | D:11     | Acquired a +3 quick blade
 14062 | D:11     | Noticed a two-headed ogre
 14090 | D:11     | Killed a two-headed ogre
 14674 | D:12     | Noticed Azrael
 14679 | D:12     | Acquired the +0 cloak of Intuition {rElec Int+3}
 14750 | D:13     | Identified the +1 robe of the Sun {*Corrode +Inv rC+}
 14757 | D:13     | Noticed a two-headed ogre
 14767 | D:13     | Killed a two-headed ogre
 14781 | D:13     | Found Ricsew's Distillery.
 14785 | D:13     | Noticed a centaur warrior
 14799 | D:13     | Killed a centaur warrior
 15247 | D:12     | Reached XP level 12. HP: 91/91 MP: 24/24
 15287 | D:12     | Reached ****** piety under Uskayaw
 15659 | D:12     | Killed Azrael
 15990 | D:13     | Found Tidos's Book Shop.
 16045 | D:13     | Reached skill level 18 in Invocations
 16070 | D:13     | Found a transporter.
 16081 | D:13     | Noticed OceanMan's ghost (journeyman MiFi)
 16082 | D:13     | Noticed a great orb of eyes
 16083 | D:13     | Found a transporter.
 16156 | D:13     | Found a one-way gate to the infinite horrors of the Abyss.
 16526 | D:13     | Noticed a boulder beetle
 16567 | D:13     | Killed a boulder beetle
 16718 | D:13     | Found Xaakhlawa's Distillery.
 16795 | D:14     | Noticed a seven-headed hydra
 16804 | D:14     | Killed a seven-headed hydra
 16942 | Orc:1    | Entered Level 1 of the Orcish Mines
 17342 | Orc:1    | Found Tafemiru's Jewellery Shoppe.
 17514 | Orc:2    | Entered Level 2 of the Orcish Mines
 17533 | Orc:2    | Found a staircase to the Elven Halls.
 17833 | Orc:2    | Found Kotetuda's Magic Scroll Boutique.
 17834 | Orc:2    | Found Zauddil's General Store.
 18359 | Orc:1    | Reached XP level 13. HP: 55/100 MP: 19/26
 18734 | Orc:2    | Reached skill level 19 in Invocations
 18891 | Orc:2    | Found Lob Ucuss's Book Emporium.
 18891 | Orc:2    | Found Zoluol's Antique Armour Shoppe.
 18892 | Orc:2    | Found a one-way gate leading to the halls of Pandemonium.
 18979 | Orc:2    | Noticed Erolcha
 18990 | Orc:2    | Killed Erolcha
 19134 | Orc:2    | Noticed an ettin
 19143 | Orc:2    | Killed an ettin
 19740 | D:14     | Reached skill level 10 in Fighting
 20062 | D:14     | Learned a level 3 spell: Stone Arrow
 20067 | D:14     | Noticed an ettin
 20068 | D:14     | Noticed Agnes
 20129 | D:14     | HP: 5/103 [Agnes/+1 spectral lajatang (10)]
 20134 | D:14     | HP: 1/103 [Agnes/+1 spectral lajatang (6)]
 20314 | Lair:1   | Entered Level 1 of the Lair of Beasts
 20380 | Lair:1   | Reached skill level 1 in Conjurations
 20383 | Lair:1   | Reached skill level 1 in Earth Magic
 20449 | Lair:1   | Noticed Gastronok
 20481 | Lair:1   | Killed Gastronok
 21047 | Lair:1   | Gained mutation: You punish those that try to bend your
                  | will. (Will+) [demonic ancestry]
 21047 | Lair:1   | Reached XP level 14. HP: 110/110 MP: 27/27
 21446 | Lair:2   | Found a staircase to the Swamp.
 21813 | Lair:2   | Found a dark tunnel.
 22395 | Lair:3   | Reached skill level 1 in Spellcasting
 22604 | Lair:3   | Reached skill level 5 in Conjurations
 22632 | Lair:3   | Noticed Urug
 22670 | Lair:3   | Killed Urug
 22725 | Lair:3   | Found a sacrificial altar of Ru.
 22732 | Lair:3   | Reached skill level 10 in Short Blades
 22871 | Lair:3   | You fall into a shaft and drop 1 floor!
 23501 | Lair:3   | Learned a level 8 spell: Lehudib's Crystal Spear
 23524 | Lair:4   | Reached skill level 5 in Earth Magic
 23707 | Lair:4   | Found a hole to the Spider Nest.
 24224 | Spider:1 | Entered Level 1 of the Spider Nest
 24630 | Orc:1    | Noticed an orc warlord
 24697 | Orc:1    | Killed an orc warlord
 24741 | Orc:1    | Found a large runed translucent door.
 24741 | Orc:1    | Found a large runed translucent door.
 24744 | Orc:1    | Noticed burt's ghost (journeyman DrCj)
 25208 | Elf:1    | Entered Level 1 of the Elven Halls
 25706 | Elf:1    | Noticed Jorgrun
 25726 | Elf:1    | Killed Jorgrun
 25829 | Elf:1    | Reached XP level 15. HP: 44/115 MP: 13/28
 26209 | Elf:1    | Learned a level 5 spell: Borgnjor's Vile Clutch
 26649 | Elf:1    | Noticed Nikola
 26655 | Elf:1    | Killed from afar by Nikola

Illustrated notes

Levels and vault maps discovered:
D:1:      sevenhm_arrival_forest_fort_small_3, layout_basic, serial_shops,
          nicolae_shop_crystal
D:2:      layout_basic, uniq_robin, uniq_natasha, uniq_sigmund
D:3:      layout_basic, kennysheep_vampire_church, grunt_temple_overflow_open,
          shapermc_ecumenical_altar_rom_forum, glass_columns_c, uniq_jessica
D:4:      layout_cave_pools, minmay_temple_entry_mini_moons,
          serial_co_window_serial, co_window_corner_a, co_window_cross_1,
          co_window_paths_b, co_window_paths_a, co_window_paths_a,
          co_window_paths_c, co_window_broadway_c, co_window_broadway_b,
          glass_columns_c, glass_columns_a, glass_columns_b, glass_columns_a,
          minmay_fire_ice_demons
D:5:      layout_cave_pools
D:6:      kennysheep_six_static_rooms, layout_loops_cross
D:7:      layout_loops_corners, minmay_misc_feat_four_crosses
D:8:      layout_loops_cross
D:9:      layout_stronghold, lair_entry_dummy, serial_shops, shop,
          chequers_serial_rivers_micro_d, st_stairs_12, kennysheep_boxes
D:10:     layout_cave_pools, uniq_nergalle
D:11:     minmay_goldmine, layout_irregular_city, erik_orc_1
D:12:     layout_loops_corners, hangedman_decor_lopped, minmay_misc_feat_room,
          uniq_azrael
D:13:     layout_roguey, gammafunk_ghost_abyssal_escape, serial_shops, shop,
          nicolae_shop_competitors_out_of_business, kennysheep_mini,
          nicolae_elevator_lobby_plus
D:14:     layout_cave_pods, david_vaults_4, lemuel_round_altar, uniq_agnes
Temple:   regret_index_temple_mists
Lair:1:   layout_gridlike, uniq_gastronok
Lair:2:   layout_regular_city, swamp_mist_pool, enter_volcano_1,
          lemuel_fruit_tree
Lair:3:   layout_hall_layers, lemuel_centaur_altar, lemuel_fruit_fields,
          infiniplex_staircase_pool_2, uniq_urug
Lair:4:   layout_cave_pods, dummy_spider_entry, lemuel_old_faithful,
          lemuel_fruit_fields
Spider:1: layout_chambers
Orc:1:    layout_diamond_mine, ebering_ghost_disaster_area,
          minmay_shop_enchanted_jewellery, nicolae_orc_rockfall
Orc:2:    pf_orc_diabolical, layout_caves, uniq_erolcha
Elf:1:    layout_geoelf_grid, hangedman_elf_represent, minivault_16,
          uniq_nikola, uniq_jorgrun

Skill      XL: |  1  2  3  4  5  6  7  8  9 10 11 12 13 14 15 |
---------------+----------------------------------------------+-----
Short Blades   | 3 4 5 7 8 11 | 11.8
Dodging        | 3 4 5 6 8 9 |  9.5
Armour         | 1 2 3 4 6 7 9 |  9.1
Fighting       | 3 4 5 7 8 10 | 10.1
Invocations    | 5 10 14 16 17 18 19 | 19.5
Conjurations   | 2 6 7 |  7.1
Earth Magic    | 2 6 |  6.4
Spellcasting   | 4 |  4.7
Throwing       | |  1.7
Necromancy     | |  0.6

Action                   |  1- 3 |  4- 6 |  7- 9 | 10-12 | 13-15 || total
-------------------------+-------+-------+-------+-------+-------++-------
Melee: Rapier            |    57 |       |       |       |       ||    57
       Headbutt          |    19 |    65 |   174 |   373 |   424 ||  1055
       Punch             |     4 |     5 |    17 |    30 |    35 ||    91
       Dagger            |    82 |   340 |   718 |   378 |       ||  1518
       Quick blade       |       |       |       |   829 |  1374 ||  2203
 Cast: Stone Arrow       |       |       |       |       |    23 ||    23
Invok: Stomp             |       |       |    16 |    14 |     8 ||    38
       Grand Finale      |       |       |       |     1 |     2 ||     3
  Use: Scroll            |       |     3 |     4 |     8 |    15 ||    30
       Potion            |       |     1 |       |       |     1 ||     2
 Stab: Paralysed         |       |       |     7 |    54 |    87 ||   148
       Distracted        |       |       |       |     1 |       ||     1
Armor: Leather armour    |    12 |       |       |       |       ||    12
       Ring mail         |    31 |   106 |   122 |       |       ||   259
       Scale mail        |       |       |    59 |   367 |   279 ||   705
Dodge: Dodged            |    72 |   149 |   254 |   520 |   459 ||  1454
